 Dungeon Crawl Stone Soup version 0.30-a0-1075-gcd70e7a56d (webtiles) character file.

Game seed: 10276290502845355672

47 AwFulAwFulPlayer the Trooper (level 3, -1/29 HPs)
             Began as a Demonspawn Chaos Knight on Apr 15, 2023.
             Was a Plaything of Xom.
             Slain by an adder (3 damage)
             ... on level 2 of the Dungeon.
             The game lasted 00:01:39 (854 turns).

AwFulAwFulPlayer the Trooper (DsCK)                  Turns: 854, Time: 00:01:39

Health: -1/29      AC:  5    Str: 14    XL:     3   Next: 48%
Magic:  3/3        EV: 11    Int: 13    God:    Xom [..*...]
Gold:   41         SH:  4    Dex: 18    Spells: 2/2 levels left

rFire   . . .      SeeInvis .    a - +0 mace (chaos)
rCold   . . .      Faith    .    (no shield)
rNeg    . . .      Spirit   .    b - +2 leather armour
rPois   .          Reflect  .    (no helmet)
rElec   .          Rampage  .    (no cloak)
rCorr   .                        (no gloves)
Will    .....                    (no boots)
Stlth   +                        (no amulet)
HPRegen 0.24/turn                g - +6 ring of dexterity
MPRegen 0.08/turn                (no ring)

@: lethally poisoned (-1 -> -2)
A: large bone plates 1
a: Renounce Religion


You were on level 2 of the Dungeon.
You worshipped Xom.
You were a toy of Xom.
You visited 1 branch of the dungeon, and saw 2 of its levels.

You collected 98 gold pieces.
You spent 57 gold pieces at shops.

Inventory:

Hand Weapons
 a - a +0 mace of chaos (weapon)
Armour
 b - a +2 leather armour (worn)
 f - a +0 robe of cold resistance
Jewellery
 g - a +6 ring of dexterity (left hand)
Scrolls
 d - a scroll of poison {unknown}
 i - a scroll of amnesia {unknown}
 l - a scroll of fog {unknown}
Potions
 h - a potion of attraction
 j - a potion of flight {unknown}
 k - a potion of ambrosia {unknown}
Miscellaneous
 c - a piece from Xom's chessboard (15/15) (quivered)


   Skills:
 + Level 3.5 Fighting
 + Level 3.5 Maces & Flails
 + Level 1.9 Armour
 + Level 1.1 Dodging
 + Level 0.1 Shields


You had 2 spell levels left.
You didn't know any spells.
Your spell library was empty.

Dungeon Overview and Level Annotations

Branches:
Dungeon (2/15)

Altars:

Shops:
D:1 (   D:2 *


Innate Abilities, Weirdness & Mutations

You are partially covered in large bone plates. (SH +4)


Message History

* * * LOW HITPOINT WARNING * * *
You closely miss the adder.
The adder is severely wounded.
You feel sick. The adder misses you. The adder closely misses you.
You barely miss the adder.
The adder is severely wounded.
You feel sick. The adder barely misses you. x3
You hit the adder.
The adder seems to slow down.
The adder is almost dead.
You feel sick.
You are no longer poisoned.
You block the adder's attack.
You miss the adder.
The adder is almost dead.
The adder bites you but does no damage. x2
You barely miss the adder.
The adder is almost dead.
The adder barely misses you. The adder bites you.
* * * LOW HITPOINT WARNING * * *
You are lethally poisoned!
The adder poisons you!
You feel better.
The adder is no longer moving slowly.
The adder bites you.
* * * LOW HITPOINT WARNING * * *
You miss the adder.
The adder is almost dead.
The adder bites you.
* * * LOW HITPOINT WARNING * * *
The adder bites you but does no damage.
You barely miss the adder.
The adder is almost dead.
You block the adder's attack. The adder completely misses you.
The adder bites you.
* * * LOW HITPOINT WARNING * * *
You are poisoned.
The adder poisons you!
You closely miss the adder.
The adder is almost dead.
* * * LOW HITPOINT WARNING * * *
You feel sick. The adder misses you. The adder bites you.
You die...

#..#####.#
#........#
#.>......#
....####.###
#.#.##.....#
#.....††...#
#.#.#.†....#
#..........#
#.#.#....@.#
.....#.#S##
###......K.......
###.#.#....####
..$.......#
.8...8...8.#
#...#...#....
##.###.# #..## ..
.. ..#


You could see an adder (fast) and a kobold.

Vanquished Creatures
  An adder (D:2)
  A dart slug (D:1)
  2 ball pythons (D:1)
  4 endoplasms (D:1)
  A giant cockroach (D:1)
  3 goblins (D:1)
  8 hobgoblins
  A quokka (D:1)
  2 bats
  2 frilled lizards (D:1)
  4 kobolds (D:1)
  3 rats
32 creatures vanquished.

Notes
Turn   | Place    | Note
-------+----------+-------------------------------------------
     0 | D:1      | AwFulAwFulPlayer the Demonspawn Chaos Knight began the
                  | quest for the Orb.
     0 | D:1      | Reached XP level 1. HP: 18/18 MP: 1/1
   138 | D:1      | Gained mutation: You are partially covered in large bone
                  | plates. (SH +4) [demonic ancestry]
   138 | D:1      | Reached XP level 2. HP: 21/24 MP: 2/2
   193 | D:1      | Reached skill level 1 in Dodging
   388 | D:1      | Found Awkosm's Weapon Shoppe.
   514 | D:1      | XOM: divination: detect items
   580 | D:1      | Reached XP level 3. HP: 18/29 MP: 3/3
   788 | D:2      | Found Wamikak's Assorted Antiques.
   790 | D:2      | Bought an inky potion for 18 gold pieces
   790 | D:2      | Bought a brown potion for 18 gold pieces
   790 | D:2      | Bought a scroll labelled WISOFYVUDE for 21 gold pieces
   854 | D:2      | Slain by an adder

Illustrated notes

Levels and vault maps discovered:
D:1:      minmay_arrival_checkered_box, layout_loops_cross, serial_shops,
          nicolae_shop_bloodbath_and_beyond, minmay_vboxes
D:2:      layout_loops_ring, serial_shops, shop, minmay_misc_feat_four_crosses

Skill      XL: |  1  2 |
---------------+-------+-----
Maces & Flails | 3 |  3.5
Dodging        | 1 |  1.1
Fighting       | |  3.5
Armour         | |  1.9
Shields        | |  0.1

Action                     || total
---------------------------++-------
  Melee: Mace              ||   101
         Punch             ||     2
    Use: Scroll            ||     2
         Potion            ||     2
   Stab: Petrifying        ||     1
 Armour: Leather armour    ||    39
  Dodge: Dodged            ||    69
  Block: Other             ||    16

Table legend: (Time is in decaauts)
 A = Elapsed time spent in this place.
 B = Non-inter-level travel time spent in this place.
 C = Inter-level travel time spent in this place.
 D = Time resting spent in this place.
 E = Time spent auto-exploring this place.
 F = Levels seen in this place.
 G = Mean time per level.
                   A        B        C        D        E       F      G
               +--------+--------+--------+--------+--------+-----+--------+
         Total |    877 |    870 |      7 |      0 |    654 |   2 |  438.5 |
       Dungeon |    877 |    870 |      7 |      0 |    654 |   2 |  438.5 |
               +--------+--------+--------+--------+--------+-----+--------+

Top non-repeatable levels by time:
     D:1: 804 daAuts
     D:2: 73 daAuts
